 Dungeon Crawl Stone Soup version 0.23-a0-612-gcb482e9 (webtiles) character file.

67 Mgcat the Magician (level 4, -4/24 HPs)
             Began as a Deep Elf Fire Elementalist on Dec 21, 2018.
             Slain by Sigmund
             ... wielding a +0 scythe
              (10 damage)
             ... on level 2 of the Dungeon.
             The game lasted 00:03:24 (2006 turns).

Mgcat the Magician (Deep Elf Fire Elementalist)     Turns: 2006, Time: 00:03:25

Health: -4/24      AC:  3    Str:  5    XL:     4   Next: 0%
Magic:  3/12       EV: 13    Int: 21    God:
Gold:   77         SH:  0    Dex: 19    Spells: 1/11 levels left

rFire    . . .     SeeInvis .   e - +1 short sword (flame)
rCold    . . .     Gourm    .   (no shield)
rNeg     . . .     Faith    .   a - +0 robe
rPois    .         Spirit   .   h - +0 helmet
rElec    .         Reflect  .   (no cloak)
rCorr    .         Harm     .   (no gloves)
MR       .....                  (no boots)
Stlth    ++........             (no amulet)
HPRegen  0.08/turn              j - +4 ring of dexterity
MPRegen  0.13/turn              (no ring)

@: very slightly contaminated
A: no striking features
a: no special abilities


You were on level 2 of the Dungeon.
You were not hungry.

You visited 1 branch of the dungeon, and saw 2 of its levels.

You collected 77 gold pieces.

Inventory:

Hand Weapons
 e - a +1 short sword of flaming (weapon)
   (You took it off a kobold on level 1 of the Dungeon)
Armour
 a - a +0 robe (worn)
 h - a +0 helmet (worn)
   (You found it on level 1 of the Dungeon)
Magical Staves
 k - an uncursed staff of power {unknown}
   (You found it on level 2 of the Dungeon)
Jewellery
 j - a +4 ring of dexterity (left hand)
   (You took it off a goblin on level 1 of the Dungeon)
Scrolls
 b - 2 scrolls of fog {unknown}
 f - 2 scrolls of remove curse {unknown}
 g - a scroll of magic mapping {unknown}
 i - 2 scrolls of identify {unknown}
 l - 2 scrolls of teleportation {unknown}
Comestibles
 c - 6 rations


   Skills:
 - Level 2.4 Dodging
 - Level 2.4 Stealth
 + Level 4.2 Spellcasting
 + Level 2.5 Conjurations
 + Level 4.1 Fire Magic


You had one spell level left.
You knew the following spells:

 Your Spells              Type           Power        Failure   Level  Hunger
a - Flame Tongue          Conj/Fire      ###..        3%          1    None
b - Throw Flame           Conj/Fire      ###...       4%          2    #......
c - Conjure Flame         Conj/Fire      ###.....     9%          3    ###....
d - Sticky Flame          Conj/Fire      ###.....     30%         4    ####...

Your spell library contained the following spells:

 Spells                   Type           Power        Failure   Level  Hunger
 Inner Flame              Hex/Fire       ##......     16%         3    ###....
 Fireball                 Conj/Fire      ###.......   63%         5    ######.


Dungeon Overview and Level Annotations

Branches:
Dungeon (2/15)

Altars:
Elyvilon
Gozag
Qazlal
Trog
Uskayaw
Wu Jian
Xom

Annotations:
D:2 1 runed door, Sigmund


Message History

Some of the chunks of flesh in your inventory have rotted away.
You now have 77 gold pieces (gained 10).
There is an open door here.
There is an open door here.
You open the door.
There is an open door here.
Marking area around Sigmund as unsafe for travelling.
Sigmund the Dreaded comes into view.
He is wielding a +0 scythe.
Found a hide-covered altar of Uskayaw.
Unknown command.
Unknown command.
Unknown command.
Unknown command.
Press: ? - help, v - describe, . - travel
Here: Sigmund, wielding a +0 scythe and wearing a +0 robe (resting)
The floor.
Unknown command.
Casting: Throw Flame (safe; 4% risk of failure)
Confirm with . or Enter, or press ? or * to list all spells.
Aiming: Throw Flame (safe; 4% risk of failure)
Press: ? - help, Shift-Dir - straight line, f - Sigmund
Aim: Sigmund, wielding a +0 scythe and wearing a +0 robe (resting)
The puff of flame hits Sigmund.
Sigmund is lightly wounded.
Sigmund shouts!
Unknown command.
Unknown command.
Unknown command.
Some of the chunks of flesh in your inventory have rotted away.
Unknown command.
Unknown command.
Unknown command.
Unknown command.
Unknown command.
You start resting.
Sigmund is too close now for your liking.
Unknown command.
Unknown command.
Sigmund hits you from afar with a +0 scythe!
Casting: Throw Flame (safe; 4% risk of failure)
Confirm with . or Enter, or press ? or * to list all spells.
Aiming: Flame Tongue (safe; 3% risk of failure)
Press: ? - help, Shift-Dir - straight line, f/p - Sigmund
Aim: Sigmund, wielding a +0 scythe and wearing a +0 robe (lightly wounded)
The flame tongue misses Sigmund.
Casting: Flame Tongue (safe; 3% risk of failure)
Confirm with . or Enter, or press ? or * to list all spells.
Aiming: Flame Tongue (safe; 3% risk of failure)
Press: ? - help, Shift-Dir - straight line, f/p - Sigmund
Aim: Sigmund, wielding a +0 scythe and wearing a +0 robe (lightly wounded)
The flame tongue hits Sigmund.
Sigmund is moderately wounded.
Sigmund hits you from afar with a +0 scythe!
* * * LOW HITPOINT WARNING * * *
Casting: Flame Tongue (safe; 3% risk of failure)
Confirm with . or Enter, or press ? or * to list all spells.
Aiming: Flame Tongue (safe; 3% risk of failure)
Press: ? - help, Shift-Dir - straight line, f/p - Sigmund
Aim: Sigmund, wielding a +0 scythe and wearing a +0 robe (moderately wounded)
The flame tongue misses Sigmund.
Sigmund completely misses you.
Casting: Flame Tongue (safe; 3% risk of failure)
Confirm with . or Enter, or press ? or * to list all spells.
Aiming: Flame Tongue (safe; 3% risk of failure)
Press: ? - help, Shift-Dir - straight line, f/p - Sigmund
Aim: Sigmund, wielding a +0 scythe and wearing a +0 robe (moderately wounded)
The flame tongue misses Sigmund.
Casting: Flame Tongue (safe; 3% risk of failure)
Confirm with . or Enter, or press ? or * to list all spells.
Aiming: Flame Tongue (safe; 3% risk of failure)
Press: ? - help, Shift-Dir - straight line, f/p - Sigmund
Aim: Sigmund, wielding a +0 scythe and wearing a +0 robe (moderately wounded)
You miscast Flame Tongue.
You are very lightly contaminated with residual magic.
The air around you crackles with energy!
Sigmund completely misses you.
Casting: Flame Tongue (safe; 3% risk of failure)
Confirm with . or Enter, or press ? or * to list all spells.
Aiming: Flame Tongue (safe; 3% risk of failure)
Press: ? - help, Shift-Dir - straight line, f/p - Sigmund
Aim: Sigmund, wielding a +0 scythe and wearing a +0 robe (moderately wounded)
The flame tongue hits Sigmund.
Sigmund is heavily wounded.
Sigmund closely misses you.
All of the chunks of flesh in your inventory have rotted away.
Casting: Flame Tongue (safe; 3% risk of failure)
Confirm with . or Enter, or press ? or * to list all spells.
Aiming: Flame Tongue (safe; 3% risk of failure)
Press: ? - help, Shift-Dir - straight line, f/p - Sigmund
Aim: Sigmund, wielding a +0 scythe and wearing a +0 robe (heavily wounded)
The flame tongue hits Sigmund.
Sigmund is severely wounded.
Casting: Flame Tongue (safe; 3% risk of failure)
Confirm with . or Enter, or press ? or * to list all spells.
Aiming: Flame Tongue (safe; 3% risk of failure)
Press: ? - help, Shift-Dir - straight line, f/p - Sigmund
Aim: Sigmund, wielding a +0 scythe and wearing a +0 robe (severely wounded)
The flame tongue hits Sigmund.
Sigmund is almost dead.
Sigmund hits you from afar with a +0 scythe!
You die...

.............#
.........#.###
.........#.###
.........#...#
.............#####
.........+.....#.##
.........#####.#..#
.........###......#.####
(..........<....@........
..............####@####..
#####.........# ..... #
#.........#.......# #
#.........#.......# #
#............._..... #
#.........#.. ....#. #
#.........#... . #
#.........# .. ..


You could see Sigmund.

Vanquished Creatures
  A gnoll (D:1)
  2 adders (D:2)
  3 leopard geckos
  A ball python (D:1)
  5 bats (D:1)
  3 giant cockroaches
  2 goblins
  4 hobgoblins
  4 jackals (D:1)
  7 kobolds
  5 rats
37 creatures vanquished.

Notes
Turn   | Place    | Note
-------+----------+-------------------------------------------
     0 | D:1      | Mgcat the Deep Elf Fire Elementalist began the quest for
                  | the Orb.
     0 | D:1      | Reached XP level 1. HP: 10/10 MP: 6/6
   165 | D:1      | Reached XP level 2. HP: 15/15 MP: 6/8
   264 | D:1      | Learned a level 2 spell: Throw Flame
   513 | D:1      | Reached skill level 2 in Conjurations
   513 | D:1      | Reached XP level 3. HP: 19/19 MP: 1/10
   593 | D:1      | Learned a level 3 spell: Conjure Flame
  1129 | D:2      | Reached skill level 4 in Spellcasting
  1252 | D:2      | Found an opulent altar of Gozag.
  1261 | D:2      | Found a bloodstained altar of Trog.
  1273 | D:2      | Reached skill level 4 in Fire Magic
  1370 | D:2      | Found a white marble altar of Elyvilon.
  1373 | D:2      | Found a shimmering altar of Xom.
  1397 | D:2      | Found a stormy altar of Qazlal.
  1715 | D:2      | Found a runed door.
  1788 | D:2      | Reached XP level 4. HP: 24/24 MP: 8/12
  1794 | D:2      | Learned a level 4 spell: Sticky Flame
  1804 | D:2      | Found an ornate altar of the Wu Jian Council.
  1992 | D:2      | Found a hide-covered altar of Uskayaw.
  1992 | D:2      | Noticed Sigmund
  2000 | D:2      | HP: 6/24 [Sigmund/+0 scythe (8)]
  2006 | D:2      | Slain by Sigmund

Vault maps used:
D:1:      minmay_arrival_shoal_huts
D:2:      marbit_many_paths, nicolae_overflow_hidden_temple, old_standard_altar,
          nicolae_qazlal_general_emergency, uniq_sigmund,
          uniq_crazy_yiuf_cottage

Skill      XL: |  1  2  3 |
---------------+----------+-----
Conjurations   | 2 |  2.5
Spellcasting   | 4 |  4.2
Fire Magic     | 4 |  4.1
Dodging        | |  2.4
Stealth        | |  2.4

Action                   |  1- 3 |  4- 6 || total
-------------------------+-------+-------++-------
Melee: Unarmed           |    11 |       ||    11
 Cast: Flame Tongue      |    26 |     7 ||    33
       Throw Flame       |    31 |     2 ||    33
  Eat: Chunk             |     3 |     1 ||     4
Armor: Robe              |     7 |       ||     7
Dodge: Dodged            |    20 |     3 ||    23

Table legend:
 A = Non-vault XP
 B = Vault XP
 C = Vault XP percentage of total XP
 D = Non-vault monster count
 E = Vault monster count
 F = Vault count percentage of total count
                 A         B        C        D         E       F
            +---------+---------+-------+---------+---------+-------
      Total |      95 |       2 |   2.1 |      36 |       1 |   2.7
            +---------+---------+-------+---------+---------+-------
        D:1 |      52 |       0 |   0.0 |      24 |       0 |   0.0
        D:2 |      43 |       2 |   4.4 |      12 |       1 |   7.7
            +---------+---------+-------+---------+---------+-------

Vault maps used:
D:1:      minmay_arrival_shoal_huts
D:2:      marbit_many_paths, nicolae_overflow_hidden_temple, old_standard_altar,
          nicolae_qazlal_general_emergency, uniq_sigmund,
          uniq_crazy_yiuf_cottage

Table legend:
 A = Turns spent in this place as a percentage of turns spent in the entire game.
 B = Non-inter-level travel turns spent in this place as a percentage of non-inter-level travel turns spent in the entire game.
 C = Inter-level travel turns spent in this place as a percentage of turns spent in this place.
 D = Turns resting spent in this place as a percentage of non-inter-level travel turns spent in this place.
 E = Turns spent auto-exploring this place as a percentage of non-inter-level travel turns spent in this place.
 F = Non-inter-level travel turns spent in this place divided by the number of levels of this place that you've seen.
                   A       B       C       D       E      F
               +-------+-------+-------+-------+-------+----------------------
         Total | 100.0 | 100.0 |   1.7 |   5.5 |  82.8 | 985.5
       Dungeon | 100.0 | 100.0 |   1.7 |   5.5 |  82.8 | 985.5
               +-------+-------+-------+-------+-------+----------------------

Table legend:
 A = Kills in this place as a percentage of kills in entire the game.
 B = Kills by you in this place as a percentage of kills by you in the entire game.
 C = Kills by friends in this place as a percentage of kills by friends in the entire game.
 D = Other kills in this place as a percentage of other kills in the entire game.
 E = Experience gained in this place as a percentage of experience gained in the entire game.
 F = Experience gained in this place divided by the number of levels of this place that you have seen.
                   A       B       C       D       E      F
               +-------+-------+-------+-------+-------+----------------------
         Total | 100.0 | 100.0 |   N/A |   N/A | 100.0 |  48.5
       Dungeon | 100.0 | 100.0 |   N/A |   N/A | 100.0 |  48.5
               +-------+-------+-------+-------+-------+----------------------
